 Dungeon Crawl Stone Soup version 0.30-a0-840-ga523dec638 (webtiles) character file.

Game seed: 16151430158027121808

332 pyrow613 the Conjurer (level 6, -6/46 HPs)
             Began as a Demigod Conjurer on Mar 1, 2023.
             Mangled by Pikel
             ... wielding a +1 whip of electrocution
              (17 damage)
             ... on level 3 of the Dungeon.
             The game lasted 00:11:35 (3470 turns).

pyrow613 the Conjurer (Demigod Conjurer)            Turns: 3470, Time: 00:11:35

Health: -6/46      AC:  4    Str:  8    XL:     6   Next: 5%
Magic:  6/13       EV: 12    Int: 28    God:
Gold:   266        SH:  0    Dex: 12    Spells: 5/11 levels left

rFire   . . .      SeeInvis .    c - staff of cold
rCold   + . .      Faith    .    (no shield)
rNeg    . . .      Spirit   .    a - +0 robe
rPois   .          Reflect  .    (no helmet)
rElec   .          Harm     .    (no cloak)
rCorr   .          Rampage  .    n - +1 pair of gloves
Will    .....                    (no boots)
Stlth   ++                       (no amulet)
HPRegen 0.27/turn                (no ring)
MPRegen 0.13/turn                (no ring)

@: no status effects
A: high MP 1, forlorn, divine attributes
a: no special abilities


You were on level 3 of the Dungeon.
You visited 1 branch of the dungeon, and saw 4 of its levels.

You collected 266 gold pieces.

Inventory:

Hand Weapons
 h - a +1 dagger
Armour
 a - a +0 robe (worn)
 n - a +1 pair of gloves (worn)
Magical Staves
 c - a staff of cold (weapon)
Scrolls
 d - 2 scrolls of immolation
 e - a scroll of enchant weapon
 l - a scroll of enchant armour
Potions
 b - a potion of magic
 g - a potion of resistance
 i - a potion of heal wounds
 k - a potion of flight
 m - a potion of brilliance {unknown}


   Skills:
 + Level 0.9 Fighting
 + Level 0.8 Staves
 + Level 3.1 Dodging
 + Level 3.2 Stealth
 * Level 3.1 Spellcasting
 * Level 4.6 Conjurations


You had 5 spell levels left.
You knew the following spells:

 Your Spells              Type           Power      Damage    Failure   Level
a - Magic Dart            Conj           100%       1d8       1%          1
b - Searing Ray           Conj           60%        2d6       1%          2
c - Dazzling Flash        Conj/Hex       34%        N/A       10%         3

Your spell library contained the following spells:

 Spells                   Type           Power      Damage    Failure   Level
 Fulminant Prism          Conj/Hex       8%         3d6       30%         4
 Iskenderun's Mystic Bla  Conj/Tloc      17%        2d5       30%         4
 Summon Forest            Summ/Tloc      2%         N/A       92%         5
 Summon Mana Viper        Hex/Summ       4%         N/A       92%         5
 Summon Cactus Giant      Summ           2%         N/A       100%        6


Dungeon Overview and Level Annotations

Branches:
Dungeon (4/15)
 Temple: D:4-7

Annotations:
D:3 Pikel
D:4 Grinder


Innate Abilities, Weirdness & Mutations

You have an increased reservoir of magic. (+10% MP)
You shall have no god before yourself.
Your divine heritage dramatically boosts your attributes as you level up.


Message History

The lemure hits you. The lemure hits you.
A lemure comes into view.
Pikel shouts!
The lemure hits you!
The lemure shouts!
Pikel misses you.
There is an escape hatch in the ceiling here.
The lemure shouts!
The lemure misses you.
Pikel hits you with a +1 whip of electrocution.
A mysterious force pulls you upwards. The hatch slams shut behind you.
Pikel attacks as you move away!
Pikel hits you with a +1 whip of electrocution.
The lemure closely misses you. Pikel attacks as you move away!
Pikel hits you with a +1 whip of electrocution!
Casting: Searing Ray (safe; 1% risk of failure)
Confirm with . or Enter, or press ? or * to list all spells.
Aiming: Searing Ray (safe; 1% risk of failure)
Press: ? - help, Shift-Dir - straight line, f - lemure
Aim: a lemure (moderately wounded, 74% to hit)
The searing ray hits Pikel.
Pikel is lightly wounded.
The searing ray hits the lemure!
The lemure is heavily wounded. (Press . to maintain the ray.) Pikel barely misses you.
The searing ray hits Pikel.
Pikel is moderately wounded.
The searing ray misses the lemure.
Pikel misses you.
The searing ray hits Pikel.
Pikel is moderately wounded.
The searing ray hits the lemure!
You kill the lemure!
That felt strangely unrewarding.
Pikel hits you with a +1 whip of electrocution!
* * * LOW HITPOINT WARNING * * *
You are electrocuted!
You die...

#........# ##...PPP.P
#........# #....P....
#........##### #....P)PPP
#............###....P.P.P
###........###..##....P.P.P
#........>.# ##..#........P
#.#..P.....# ##.#....PPPPP
#..P♣♣..##K# #......>....
#...♣♣P.##@## ###.........
#..♣.P♣.##..######.........
###....####................
##.#)# #.....###........
#...## #.....####.......
###..###...........##...
#...##................
#.#.†......######.#...
#.#.....##.######.#...


You could see Pikel.

Vanquished Creatures
  Sigmund (D:4)
  A lemure (D:3)
  2 orc wizards
  4 adders
  A worm (D:2)
  2 dart slugs (D:2)
  7 orcs
  2 ball pythons
  4 bats
  10 endoplasms
  5 giant cockroaches
  5 goblins
  5 hobgoblins
  6 jackals
  4 kobolds
  A quokka (D:2)
  5 frilled lizards
  21 rats
86 creatures vanquished.

Vanquished Creatures (others)
  2 plants (D:3)
2 creatures vanquished.

Grand Total: 88 creatures vanquished

Notes
Turn   | Place    | Note
-------+----------+-------------------------------------------
     0 | D:1      | pyrow613 the Demigod Conjurer began the quest for the Orb.
     0 | D:1      | Reached XP level 1. HP: 14/14 MP: 5/5
   310 | D:1      | Reached XP level 2. HP: 20/20 MP: 5/7
   573 | D:1      | You fall into a shaft and drop 1 floor!
   587 | D:2      | Learned a level 2 spell: Searing Ray
   861 | D:2      | Reached XP level 3. HP: 20/26 MP: 3/8
  1249 | D:2      | Reached skill level 4 in Conjurations
  2048 | D:3      | Reached XP level 4. HP: 33/33 MP: 5/10
  3021 | D:4      | Noticed Pikel
  3021 | D:4      | Noticed a lemure
  3021 | D:4      | Noticed a lemure
  3021 | D:4      | Noticed a lemure
  3188 | D:4      | Noticed Sigmund
  3194 | D:4      | Killed Sigmund
  3195 | D:4      | Reached XP level 5. HP: 18/39 MP: 0/12
  3200 | D:4      | Noticed Grinder
  3200 | D:4      | Paralysed by Grinder for 2 turns
  3220 | D:4      | Reached XP level 6. HP: 7/46 MP: 1/13
  3442 | D:4      | Learned a level 3 spell: Dazzling Flash
  3470 | D:3      | Mangled by Pikel

Illustrated notes

Levels and vault maps discovered:
D:1:      spicycebolla_green_bress_n_ham_2, layout_basic,
          basic_ecumenical_altar, chequers_serial_rivers_micro_a
D:2:      layout_basic, st_stairs_9, minmay_rat_hole
D:3:      layout_rooms, serial_forest, infiniplex_forest_clump_curved,
          infiniplex_forest_clump_small, infiniplex_forest_lined_4_way,
          infiniplex_forest_clump_cross, infiniplex_forest_lined_4_way,
          infiniplex_forest_clump_double, infiniplex_forest_lined_1,
          infiniplex_forest_lined_3, minmay_hedge_maze,
          minmay_misc_feat_diagonals
D:4:      layout_rooms, kennysheep_orc_sif_temple, uniq_grinder, uniq_sigmund,
          uniq_pikel

Skill      XL: |  1  2  3  4 |
---------------+-------------+-----
Stealth        | 2 3 |  3.2
Dodging        | 2 3 |  3.1
Spellcasting   | 2 3 |  3.1
Conjurations   | 4 |  4.6
Fighting       | |  0.9
Staves         | |  0.8

Action                     |  1- 3 |  4- 6 || total
---------------------------+-------+-------++-------
  Melee: Staff             |   145 |    42 ||   187
         Punch             |     3 |       ||     3
         Unarmed           |     1 |       ||     1
   Cast: Magic Dart        |    31 |    34 ||    65
         Searing Ray       |     7 |     8 ||    15
    Use: Scroll            |       |    14 ||    14
   Stab: Sleeping          |     5 |     4 ||     9
 Armour: Robe              |    53 |    16 ||    69
  Dodge: Dodged            |   125 |    38 ||   163

Table legend: (Time is in decaauts)
 A = Elapsed time spent in this place.
 B = Non-inter-level travel time spent in this place.
 C = Inter-level travel time spent in this place.
 D = Time resting spent in this place.
 E = Time spent auto-exploring this place.
 F = Levels seen in this place.
 G = Mean time per level.
                   A        B        C        D        E       F      G
               +--------+--------+--------+--------+--------+-----+--------+
         Total |   3513 |   3391 |    122 |    542 |   2022 |   4 |  878.2 |
       Dungeon |   3513 |   3391 |    122 |    542 |   2022 |   4 |  878.2 |
               +--------+--------+--------+--------+--------+-----+--------+

Top non-repeatable levels by time:
     D:2: 1294 daAuts
     D:3: 946 daAuts
     D:1: 850 daAuts
     D:4: 421 daAuts
